 Dungeon Crawl Stone Soup version 0.27-a0-512-g57cc695410 (webtiles) character file.

Game seed: 16447592961527129333

149 Dirtsage the Insei (level 5, -8/33 HPs)
             Began as an Octopode Transmuter on Mar 3, 2021.
             Mangled by a hornet (13 damage)
             ... on level 3 of the Dungeon.
             The game lasted 00:07:44 (3261 turns).

Dirtsage the Insei (Octopode Transmuter)            Turns: 3261, Time: 00:07:46

Health: -8/33      AC:  1    Str: 10    XL:     5   Next: 31%
Magic:  8/8        EV: 13    Int: 16    God:
Gold:   132        SH:  0    Dex: 12    Spells: 2/8 levels left

rFire    . . .     SeeInvis .     - Unarmed
rCold    . . .     Faith    .   (no shield)
rNeg     . . .     Spirit   .   (helmet restricted)
rPois    .         Reflect  .   (no amulet)
rElec    .         Harm     .   (no ring)
rCorr    .         Rampage  .   (no ring)
Will     .....                  (no ring)
Stlth    ++........             (no ring)
HPRegen  0.11/turn              (no ring)
MPRegen  0.11/turn              (no ring)
                                (no ring)
                                (no ring)

@: lethally poisoned (-8 -> -14), slowed, very slow
A: almost no armour, stealthy swim, amphibious, 8 rings, constrict 8, camouflage
1, gelatinous body 1
a: no special abilities


You were on level 3 of the Dungeon.
You visited 1 branch of the dungeon, and saw 3 of its levels.

You collected 132 gold pieces.


Innate Abilities, Weirdness & Mutations

You cannot wear most types of armour.
You are very stealthy in the water. (Stealth+)
You are amphibious.
You can wear up to eight rings at the same time.
You can use your tentacles to constrict eight enemies at once.
Your skin changes colour to match your surroundings (Stealth+).
Your rubbery body absorbs attacks. (AC +1, EV +1)


   Skills:
 - Level 1.0 Fighting
 - Level 2.0 Dodging
 + Level 4.6 Unarmed Combat
 - Level 2.0 Spellcasting
 + Level 4.0 Transmutations


You had 2 spell levels left.
You knew the following spells:

 Your Spells              Type           Power        Failure   Level
b - Beastly Appendage     Tmut           28%          4%          1
s - Spider Form           Tmut/Pois      4%           26%         3
w - Wereblood             Tmut           14%          6%          2

Your spell library contained the following spells:

 Spells                   Type           Power        Failure   Level
 Ice Form                 Ice/Tmut       8%           65%         4
 Blade Hands              Tmut           7%           73%         5

Inventory:

Wands
 k - a wand of mindburst (14)
 n - a wand of iceblast (9)
 o - a wand of charming (10)
Scrolls
 b - 3 scrolls of blinking {unknown}
 d - 3 scrolls of identify {unknown}
 e - 2 scrolls of magic mapping {unknown}
 f - a scroll of fear {unknown}
 l - a scroll of teleportation {unknown}
 m - 2 scrolls of enchant weapon {unknown}
Potions
 a - a potion of degeneration {unknown}
 c - a potion of cancellation {unknown}
 g - a potion of curing {unknown}
 h - 2 potions of haste {unknown}
 i - 2 potions of mutation {unknown}
 j - a potion of flight {unknown}
 p - a potion of attraction {unknown}

Dungeon Overview and Level Annotations

Branches:
Dungeon (3/15)

Altars:
Elyvilon
Qazlal

Annotations:
D:3 1 runed translucent door, Crazy Yiuf

#.# #.# #†.# #
#.#####..#
#.###.####.###..#
#........#
#().............#
#.##.#..)..#
#####.####.####.#
##.###[#.# #.# #.#
)# #.##.#...#.#
#.# #.####.# ..
#[#.### #
#...........#.#
#.#.#
######.###yS.#
#.#.# #.# #@##.
##o#.# #.# #.#
#....#
#.###.#######....#
#................#
#####.#########.##
#^# #.####.# #.#
#......# #.#
#.###### #.# #.#


You could see a hornet and an adder.


Message History

There is a shaft here.
A hornet is nearby!
Casting: Beastly Appendage (safe; 4% risk of failure)
Confirm with . or Enter, or press ? or * to list all spells.
One of your tentacles grows a vicious spike.
Your transformation is almost over.
There is a shaft here.
Found a falchion.
Your tentacle spike disappears.
The hornet barely misses you. The hornet stings you.
You are poisoned.
You suddenly lose the ability to move!
You can move again.
You barely miss the hornet. You grab the hornet. You constrict the hornet.
You feel sick. The hornet misses you.
You barely miss the hornet.
The hornet is lightly wounded.
You constrict the hornet, but do no damage.
You feel sick. The hornet stings you!
* * * LOW HITPOINT WARNING * * *
You feel yourself slow down. The hornet closely misses you.
You bludgeon the hornet!
The hornet is moderately wounded.
You constrict the hornet, but do no damage.
The hornet stings you!
* * * LOW HITPOINT WARNING * * *
You feel as though you will be slow longer.
The adder barely misses you. The hornet stings you!
You die...

Skill      XL: |  1  2  3  4  5 |
---------------+----------------+-----
Transmutations | 3 4 |  4.0
Unarmed Combat | 4 |  4.6
Fighting       | |  1.0
Dodging        | |  2.0
Spellcasting   | |  2.0

Action                   |  1- 3 |  4- 6 || total
-------------------------+-------+-------++-------
Melee: Unarmed           |    89 |    44 ||   133
       Constrict         |    21 |    11 ||    32
       Kick              |     3 |     5 ||     8
       Tentacles         |     9 |     9 ||    18
       Punch             |     4 |     1 ||     5
 Cast: Beastly Appendage |     4 |     7 ||    11
       Wereblood         |     1 |       ||     1
 Stab: Sleeping          |     9 |     4 ||    13
       Distracted        |       |     1 ||     1
Armor: Skin              |     9 |     1 ||    10
Dodge: Dodged            |    38 |    22 ||    60

Levels and vault maps discovered:
D:1:      lightli_arrival_chessboard, layout_loops_cross
D:2:      layout_basic, marbit_many_paths, lemuel_round_altar, minmay_tripent
D:3:      layout_loops_ring, chequers_serial_rivers_micro_a,
          chequers_serial_rivers_room_a, uniq_sigmund, uniq_natasha,
          uniq_crazy_yiuf_cottage

Notes
Turn   | Place    | Note
-------+----------+-------------------------------------------
     0 | D:1      | Dirtsage the Octopode Transmuter began the quest for the
                  | Orb.
     0 | D:1      | Reached XP level 1. HP: 13/13 MP: 3/3
   180 | D:1      | Reached XP level 2. HP: 8/18 MP: 5/5
  1096 | D:1      | Learned a level 2 spell: Wereblood
  1185 | D:2      | Reached XP level 3. HP: 23/23 MP: 6/6
  1189 | D:2      | Learned a level 3 spell: Spider Form
  1531 | D:2      | Reached skill level 3 in Transmutations
  1757 | D:2      | Reached skill level 4 in Unarmed Combat
  1757 | D:2      | Reached XP level 4. HP: 14/28 MP: 5/7
  1946 | D:2      | Found a white marble altar of Elyvilon.
  2172 | D:2      | Found a stormy altar of Qazlal.
  2541 | D:3      | Reached XP level 5. HP: 10/33 MP: 8/8
  2559 | D:3      | HP: 3/33 [orc/boomerang (5)]
  2589 | D:3      | HP: 1/33 [orc/boomerang (5)]
  2892 | D:3      | Noticed a hornet
  2917 | D:3      | Found a runed translucent door.
  2918 | D:3      | Noticed Crazy Yiuf
  3140 | D:3      | Reached skill level 4 in Transmutations
  3258 | D:3      | Paralysed by a hornet for 1 turns
  3261 | D:3      | Mangled by a hornet

Vanquished Creatures
  An orc priest (D:3)
  An orc wizard (D:3)
  2 adders
  An ooze (D:2)
  5 worms (D:2)
  4 dart slugs
  A leopard gecko (D:2)
  2 orcs (D:3)
  5 giant cockroaches
  4 hobgoblins
  2 jackals (D:1)
  4 kobolds
  A ball python (D:2)
  4 bats
  3 frilled lizards
  4 goblins
  8 rats
52 creatures vanquished.

Table legend: (Time is in decaauts)
 A = Elapsed time spent in this place.
 B = Non-inter-level travel time spent in this place.
 C = Inter-level travel time spent in this place.
 D = Time resting spent in this place.
 E = Time spent auto-exploring this place.
 F = Levels seen in this place.
 G = Mean time per level.
                   A        B        C        D        E       F      G
               +--------+--------+--------+--------+--------+-----+--------+
         Total |   3251 |   3222 |     29 |    499 |   1978 |   3 | 1083.7 |
       Dungeon |   3251 |   3222 |     29 |    499 |   1978 |   3 | 1083.7 |
               +--------+--------+--------+--------+--------+-----+--------+

Top non-repeatable levels by time:
     D:2: 1429 daAuts
     D:1: 1176 daAuts
     D:3: 645 daAuts

Table legend:
 A = Non-vault XP
 B = Vault XP
 C = Vault XP percentage of total XP
 D = Non-vault monster count
 E = Vault monster count
 F = Vault count percentage of total count
                 A         B        C        D         E       F
            +---------+---------+-------+---------+---------+-------
      Total |     208 |       5 |   2.3 |      49 |       3 |   5.8
            +---------+---------+-------+---------+---------+-------
        D:1 |      33 |       0 |   0.0 |      18 |       0 |   0.0
        D:2 |      63 |       5 |   7.4 |      19 |       3 |  13.6
        D:3 |     112 |       0 |   0.0 |      12 |       0 |   0.0
            +---------+---------+-------+---------+---------+-------
